 Dungeon Crawl Stone Soup version 0.22.1-1-ga44c0e56f4 (webtiles) character file.

55585 D1HalberdGnoll the Severer (level 15, -7/121 (122) HPs)
             Began as a Human Berserker on Nov 11, 2018.
             Was a High Priest of Trog.
             Mangled by Rupert
             ... wielding a +3 great sword of freezing
              (36 damage)
             ... on level 12 of the Dungeon.
             The game lasted 00:38:57 (30455 turns).

D1HalberdGnoll the Severer (Human Berserker)       Turns: 30455, Time: 00:38:57

HP:   -7/121 (122)  AC: 23    Str: 20    XL:     15   Next: 18%
MP:   0/7           EV: 14    Int:  9    God:    Trog [*****.]
Gold: 1343          SH:  0    Dex: 20    Spells: 14/14 levels left

rFire    + . .     SeeInvis +   P - +2 battleaxe (venom)
rCold    . . .     Gourm    .   (shield currently unavailable)
rNeg     . . .     Faith    .   F - +4 chain mail of Ytaenurr {rCorr MP-9 Stlth+}
rPois    +         Spirit   +   q - +0 helmet
rElec    +         Reflect  .   U - scarf {Spirit}
rCorr    +         Harm     .   a - +2 pair of gloves
MR       +++..                  z - +1 pair of boots
Stlth    ..........             (no amulet)
HPRegen  1.30/turn              S - ring "Epunnani" {rCorr rF+}
MPRegen  0.10/turn              v - ring of Law {rElec rPois Dex+5 SInv}

@: berserk cooldown, regenerating, slowed, very slow
A: no striking features
a: Berserk, Trog's Hand, Brothers in Arms, Renounce Religion


You were on level 12 of the Dungeon.
You worshipped Trog.
Trog was extremely pleased with you.
You were near starving.

You visited 2 branches of the dungeon, and saw 18 of its levels.
You also visited: Ice Cave.

You collected 1343 gold pieces.

Inventory:

Hand Weapons
 i - a +1 dagger of venom
 A - a +0 war axe
 P - a +2 battleaxe of venom (weapon)
Missiles
 t - 4 javelins of penetration
 x - 15 tomahawks (quivered)
Armour
 a - a +2 pair of gloves (worn)
 q - a +0 helmet (worn)
 z - a +1 pair of boots (worn)
 F - the +4 chain mail of Ytaenurr (worn) {rCorr MP-9 Stlth+}
   (You found it in an ice cave)

   It affects your magic capacity (-9).
   It provides partial protection from all sources of acid and corrosion.
   It makes you more stealthy.
 H - the +10 plate armour of Mezcal {rElec Dex+2 Slay-3}
   (You found it on level 3 of the Lair of Beasts)

   It affects your dexterity (+2).
   It affects your accuracy and damage with ranged weapons and melee attacks
   (-3).
   It insulates you from electricity.
 T - a cursed +0 shield
 U - a scarf of spirit shield (worn)
Jewellery
 v - the ring of Law (right hand) {rElec rPois Dex+5 SInv}
   (You found it on level 5 of the Lair of Beasts)

   [ring of dexterity]

   It affects your dexterity (+5).
   It insulates you from electricity.
   It protects you from poison.
   It lets you see invisible.
 y - an uncursed ring of protection from magic
 G - an uncursed ring of fire
 N - an uncursed ring of positive energy
 O - an uncursed ring of protection from cold
 S - the ring "Epunnani" (left hand) {rCorr rF+}
   (You found it on level 6 of the Lair of Beasts)

   [ring of resist corrosion]

   It protects you from fire.
Wands
 h - a wand of clouds (8)
 k - a wand of enslavement (12)
 p - a wand of acid (5)
 s - a wand of polymorph (7)
 C - a wand of digging (34)
 E - a wand of iceblast (1)
 L - a wand of random effects (80)
 W - a wand of flame (33)
Scrolls
 e - 8 scrolls of remove curse
 j - 5 scrolls of enchant weapon
 l - 7 scrolls of teleportation
 m - 2 scrolls of magic mapping
 u - 3 scrolls of identify
 B - 5 scrolls of fog
 I - a scroll of blinking
 Q - a scroll of enchant armour
 X - a scroll of immolation
Potions
 b - 6 potions of haste {unknown}
 d - 3 potions of resistance
 f - 2 potions of mutation {unknown}
 g - a potion of might
 n - 4 potions of flight {unknown}
 o - a potion of brilliance {unknown}
 r - a potion of agility
 w - 7 potions of curing
 D - 3 potions of degeneration {unknown}
 J - a potion of magic {unknown}
 K - a potion of lignification {unknown}
 M - a potion of berserk rage {unknown}
 R - a potion of heal wounds
Comestibles
 c - 9 rations
 V - 5 chunks of flesh


   Skills:
 + Level 12.6 Fighting
 * Level 16.8 Axes
 + Level 10.2 Armour
 - Level 10.0 Dodging
 + Level 1.9 Evocations


You had 14 spell levels left.
You didn't know any spells.
Your spell library was empty.

Dungeon Overview and Level Annotations

Branches:
Dungeon (12/15)            Temple (0/1) D:5            Lair (6/6) D:10
 Shoals (0/4) Lair:4        Snake (0/4) Lair:4        Slime (0/5) Lair:5
    Orc (0/2) D:10

Altars:
Cheibriados
Fedhas
Gozag
Kikubaaqudgha
Makhleb
Nemelex Xobeh
Okawaru
Ru
Sif Muna
Trog
Vehumet
Wu Jian
Xom
The Shining One

Shops:
D:5 *   D:6 (

Annotations:
D:3 1 runed door
D:5 1 runed door, exclusion: downstairs, kerekes's ghost, amateur DrBe
D:12 Rupert
Lair:3 exclusion: downstairs
Lair:4 exclusion: oklob plant
Lair:6 1 runed door, 1 exclusion, Zarkath's ghost, journeyman DsGl


Message History

You are too injured to fight recklessly!
Evoke which item? (* to show all) (? for menu, Esc to quit)
Aiming: Cloud Cone
Press: ? - help, Dir - move target cursor, f/p - Rupert
Aim: Rupert, wielding a great sword of freezing and wearing a chain mail You create a blast of poison gas!
Rupert is engulfed in poison gas.
Rupert looks as sick as possible!
Rupert hits you with a great sword of freezing!
* * * LOW HITPOINT WARNING * * *
Rupert freezes you.
* * * LOW HITPOINT WARNING * * *
Rupert is engulfed in poison gas.
Rupert looks as sick as possible!
Rupert hits you with a great sword of freezing!
* * * LOW HITPOINT WARNING * * *
Rupert freezes you.
* * * LOW HITPOINT WARNING * * *
Okay, then.
Rupert is engulfed in noxious fumes.
Rupert hits you with a great sword of freezing!!!
You die...

#.# #.....###.## #
... #.....# #.## #.
#.# ####### #... #.
#.# #... #..#.# #
##.. #.§#.##§# ###
#...§§§.####### #
#@####....:########
#§@.....##.........
######.############
###


You could see Rupert (berserk).

Vanquished Creatures
  A frost giant (IceCv)
  Snorg (Lair:3)
  Erolcha (D:9)
  2 catoblepae (Lair:6)
  2 hydras
  A two-headed ogre (D:10)
  A deep troll shaman (Lair:6)
  10 death yaks
  An unseen horror (D:11)
  A lindwurm (Lair:6)
  2 ugly things
  2 cyclopes
  A centaur zombie (D:11)
  3 black mambas
  11 elephants
  Joseph (D:9)
  An ice statue (IceCv)
  A torpor snail (Lair:3)
  11 spiny frogs
  A rime drake (Lair:3)
  4 komodo dragons
  16 polar bears
  3 trolls
  A hornet (D:12)
  A queen bee (D:10)
  8 blink frogs
  3 hippogriffs
  A wraith (D:10)
  61 yaks
  7 basilisks
  A steam dragon (D:10)
  4 wyverns
  3 hungry ghosts
  Grum (D:9)
  3 nagas (Lair:4)
  4 wargs
  17 water moccasins
  3 sky beasts
  7 porcupines
  An ice beast (D:5)
  4 orc warriors
  4 black bears
  25 wolves
  4 ogres
  2 centaurs
  2 phantoms
  2 necrophages
  17 crocodiles
  Blork the orc (D:4)
  17 bullfrogs
  4 scorpions
  8 wights
  25 killer bees
  3 howler monkeys
  8 crimson imps
  A bullfrog zombie (D:11)
  7 orc priests
  3 jellies
  A centaur skeleton (D:7)
  4 hounds
  7 orc wizards
  4 bullfrog skeletons
  An iguana (D:7)
  3 worker ants
  A killer bee zombie (D:9)
  A hound zombie (D:11)
  4 hound skeletons
  A worker ant zombie (D:9)
  11 gnolls
  10 adders
  A river rat (Lair:3)
  A shadow imp (D:4)
  An ooze (D:2)
  An adder zombie (D:9)
  An adder skeleton (D:5)
  3 worms
  3 dart slugs
  5 leopard geckos
  36 orcs
  5 giant cockroaches
  6 hobgoblins
  8 jackals
  9 kobolds
  5 quokkas
  4 ball pythons
  5 bats
  4 frilled lizards
  9 goblins
  A leopard gecko zombie (D:7)
  2 quokka skeletons
  6 rats
  5 fungi (Lair:4)
  5 plants
515 creatures vanquished.

Vanquished Creatures (collateral kills)
  2 hydras
  A basilisk (Lair:3)
3 creatures vanquished.

Vanquished Creatures (others)
  2 polar bears (IceCv)
  An orc wizard (D:10)
  9 fungi
  4 plants
16 creatures vanquished.

Grand Total: 534 creatures vanquished

Notes
Turn   | Place    | Note
-------+----------+-------------------------------------------
     0 | D:1      | D1HalberdGnoll the Human Berserker began the quest for the
                  | Orb.
     0 | D:1      | Reached XP level 1. HP: 18/18 MP: 1/1
    74 | D:1      | Reached XP level 2. HP: 24/24 MP: 2/2
   344 | D:1      | Reached XP level 3. HP: 23/29 MP: 3/3
   466 | D:1      | Reached ** piety under Trog
  1154 | D:2      | Reached XP level 4. HP: 19/35 MP: 4/4
  1758 | D:3      | Reached skill level 4 in Axes
  1879 | D:3      | Found a bloodstained altar of Trog.
  1879 | D:3      | Found a shimmering altar of Xom.
  1881 | D:3      | Found an iron altar of Okawaru.
  1916 | D:3      | Found a glowing golden altar of the Shining One.
  1916 | D:3      | Found a runed door.
  1916 | D:3      | Noticed an angel
  2141 | D:3      | Reached XP level 5. HP: 41/41 MP: 5/5
  2862 | D:4      | Noticed Blork the orc
  2882 | D:4      | Killed Blork the orc
  2882 | D:4      | Reached XP level 6. HP: 22/48 MP: 6/6
  3446 | D:4      | Reached skill level 5 in Axes
  3977 | D:4      | Reached XP level 7. HP: 40/54 MP: 7/7
  4708 | D:5      | Entered Level 5 of the Dungeon
  4961 | D:5      | Found a runed door.
  4961 | D:5      | Noticed kerekes's ghost (amateur DrBe)
  5307 | D:5      | Found a blossoming altar of Fedhas.
  5309 | D:5      | Found an ancient bone altar of Kikubaaqudgha.
  5463 | D:5      | Found a shimmering altar of Xom.
  5526 | D:5      | Found a staircase to the Ecumenical Temple.
  5630 | D:5      | Found Gozag's Platinum Reserve.
  5670 | D:5      | Found an opulent altar of Gozag.
  6026 | D:5      | Reached skill level 6 in Axes
  6026 | D:5      | Reached XP level 8. HP: 61/61 MP: 8/8
  6236 | D:5      | Reached skill level 5 in Fighting
  7029 | D:6      | Reached *** piety under Trog
  7029 | D:6      | Reached skill level 7 in Axes
  7076 | D:6      | Found a snail-covered altar of Cheibriados.
  7139 | D:6      | Found Vehoikiez's Antique Weapon Boutique.
  7155 | D:6      | Found an ornate altar of the Wu Jian Council.
  7176 | D:6      | Reached skill level 5 in Armour
  7176 | D:6      | Reached XP level 9. HP: 31/68 MP: 9/9
  7474 | D:6      | Found a sparkling altar of Nemelex Xobeh.
  7574 | D:6      | Reached skill level 5 in Dodging
  8360 | D:7      | Reached skill level 8 in Axes
  9079 | D:8      | Noticed a troll
  9137 | D:8      | Killed a troll
  9204 | D:8      | Reached **** piety under Trog
  9367 | D:8      | Reached XP level 10. HP: 62/77 MP: 10/10
  9575 | D:8      | Reached skill level 9 in Axes
  9700 | D:9      | Noticed a purple ugly thing
  9716 | D:9      | Killed a purple ugly thing
 10005 | D:9      | Noticed Grum
 10025 | D:9      | Killed Grum
 11123 | D:9      | Found a sacrificial altar of Ru.
 11183 | D:9      | Noticed Erolcha
 11200 | D:9      | Killed Erolcha
 11200 | D:9      | Reached skill level 10 in Axes
 11266 | D:9      | Found a radiant altar of Vehumet.
 11267 | D:9      | Found a burning altar of Makhleb.
 11364 | D:9      | Noticed Joseph
 11386 | D:9      | Killed Joseph
 11597 | D:10     | Entered Level 10 of the Dungeon
 11597 | D:10     | Found a staircase to the Orcish Mines.
 11604 | D:9      | Reached XP level 11. HP: 84/84 MP: 11/11
 11996 | D:10     | Found a bloodstained altar of Trog.
 12037 | D:10     | Found a staircase to the Lair.
 12279 | D:10     | Reached skill level 11 in Axes
 12328 | D:10     | Noticed a two-headed ogre
 12338 | D:10     | Killed a two-headed ogre
 12675 | D:10     | Reached ***** piety under Trog
 12971 | Lair:1   | Entered Level 1 of the Lair of Beasts
 14133 | Lair:1   | Reached XP level 12. HP: 67/94 MP: 12/12
 14187 | Lair:1   | Noticed a seven-headed hydra
 14193 | Lair:1   | Killed an eight-headed hydra
 14434 | Lair:1   | Reached skill level 12 in Axes
 16141 | Lair:2   | Found a frozen archway.
 16155 | IceCv    | Entered an ice cave
 18467 | IceCv    | Got a crude chain mail
 18474 | IceCv    | Identified the +4 chain mail of Ytaenurr {rCorr MP-9
                  | Stlth+} (You found it in an ice cave)
 18519 | IceCv    | Reached skill level 13 in Axes
 18703 | IceCv    | Reached XP level 13. HP: 60/102 MP: 4/13
 18968 | IceCv    | Noticed a frost giant
 18988 | IceCv    | Reached skill level 10 in Fighting
 18992 | IceCv    | Killed a frost giant
 19130 | IceCv    | Identified Diadam's Almanac of Cold
 19405 | Lair:2   | Reached skill level 10 in Armour
 19406 | Lair:2   | Reached skill level 10 in Dodging
 20438 | Lair:3   | Reached skill level 14 in Axes
 21157 | Lair:3   | Noticed a six-headed hydra
 21173 | Lair:3   | Killed a six-headed hydra
 21218 | Lair:3   | Got a smoking plate armour
 21443 | Lair:3   | Identified the +10 plate armour of Mezcal {rElec Dex+2
                  | Slay-3} (You found it on level 3 of the Lair of Beasts)
 21522 | Lair:3   | Noticed a seven-headed hydra
 21530 | Lair:3   | Killed a seven-headed hydra
 22008 | Lair:3   | Noticed Snorg
 22026 | Lair:3   | Killed Snorg
 22515 | Lair:4   | Received a gift from Trog
 23231 | Lair:4   | Found a staircase to the Snake Pit.
 23248 | Lair:4   | Reached XP level 14. HP: 84/113 MP: 5/14
 23548 | Lair:4   | Found a staircase to the Shoals.
 23568 | Lair:4   | Reached skill level 15 in Axes
 24506 | Lair:5   | Got a scintillating steel ring
 24512 | Lair:5   | Identified the ring of Law {rElec rPois Dex+5 SInv} (You
                  | found it on level 5 of the Lair of Beasts)
 25347 | Lair:5   | Found a staircase to the Slime Pits.
 26213 | Lair:5   | Found a staircase to the Slime Pits.
 26388 | Lair:6   | Entered Level 6 of the Lair of Beasts
 26758 | Lair:6   | Reached skill level 16 in Axes
 27746 | Lair:6   | Found a runed door.
 27747 | Lair:6   | Noticed Zarkath's ghost (journeyman DsGl)
 29026 | Lair:6   | Got a bound copper ring
 29228 | Lair:6   | Identified the ring "Epunnani" {rCorr rF+} (You found it on
                  | level 6 of the Lair of Beasts)
 29472 | D:11     | Reached XP level 15. HP: 73/122 MP: 6/15
 29820 | D:11     | Reached skill level 1 in Evocations
 30025 | D:11     | Found a deep blue altar of Sif Muna.
 30174 | D:11     | Found a radiant altar of Vehumet.
 30267 | D:12     | Received a gift from Trog
 30439 | D:12     | Noticed Rupert
 30455 | D:12     | Mangled by Rupert

Skill      XL: |  1  2  3  4  5  6  7  8  9 10 11 12 13 14 15 |
---------------+----------------------------------------------+-----
Axes           | 4 5 6 7 8 10 11 13 14 16 | 16.8
Armour         | 3 4 5 6 7 8 9 10 | 10.2
Dodging        | 3 4 6 7 8 9 10 | 10.0
Fighting       | 4 5 6 7 8 9 11 12 | 12.6
Evocations     | 1 |  1.9

Action                   |  1- 3 |  4- 6 |  7- 9 | 10-12 | 13-15 || total
-------------------------+-------+-------+-------+-------+-------++-------
Melee: Hand axe          |    78 |       |       |       |       ||    78
       Dagger            |    30 |   169 |   361 |       |       ||   560
       War axe           |       |       |   188 |   105 |       ||   293
       Battleaxe         |       |       |       |   590 |   781 ||  1371
Throw: Javelin           |       |     2 |     1 |       |       ||     3
       Tomahawk          |       |       |    14 |    29 |    13 ||    56
Invok: Berserk           |       |     1 |     4 |     6 |     7 ||    18
       Trog's Hand       |       |     2 |     3 |     8 |    11 ||    24
       Brothers in Arms  |       |       |       |       |     4 ||     4
Evoke: Wand              |       |       |       |    10 |    21 ||    31
       Box of beasts     |       |       |       |       |     1 ||     1
  Use: Scroll            |       |    10 |     2 |     7 |    12 ||    31
       Potion            |       |       |       |     9 |     1 ||    10
 Stab: Confused          |       |       |       |       |     6 ||     6
  Eat: Chunk             |     1 |     5 |    18 |    14 |    18 ||    56
       Ration            |       |     1 |     6 |    10 |     9 ||    26
Armor: Animal skin       |     4 |       |       |       |       ||     4
       Leather armour    |    26 |       |       |       |       ||    26
       Scale mail        |     7 |    66 |    11 |       |       ||    84
       Plate armour      |       |       |   424 |   513 |       ||   937
       Chain mail        |       |       |       |    22 |   361 ||   383
Dodge: Dodged            |    91 |    98 |   236 |   420 |   449 ||  1294
